[Event "26th Womens ECCC 2022"]
[Site "Mayrhofen"]
[Date "2022.10.05"]
[Round "3.25"]
[White "Rakhmangulova, Anastasiya"]
[Black "Buksa, Nataliya"]
[Result "1-0"]
[ECO "B34"]
[WhiteElo "2261"]
[BlackElo "2413"]
[Annotator "TA"]
[PlyCount "57"]
[EventDate "2022.10.03"]
[EventType "team-tourn"]
[EventCountry "AUT"]
[SourceTitle "playchess.com"]
[Source "ChessBase"]
[SourceQuality "1"]
[TimeControl "40/5400+30:1800+30"]

1. e4 c5 2. Nf3 Nc6 3. d4 cxd4 4. Nxd4 Nf6 5. Nc3 e5 6. Ndb5 d6 7. Nd5 Nxd5 8. exd5 Nb8 9. a4 Be7 10. Be2 O-O 11. O-O {[%emt 0:00:06] B33: Sicilian: Pelikan and Sveshnikov Variations.} Nd7 12. Bd2 a6 {[%emt 0:07:49] 12...a6 scores better than 12...f5.} 13. Na3 {[%emt 0:00:44] The position is equal.} a5 14. Nb5 Nc5 {[%emt 0:00:52] [#]} 15. Kh1 $146 ({Predecessor:} 15. c3 Bd7 16. b4 Ne4 17. Be1 axb4 18. cxb4 Rc8 19. a5 Bg5 20. Qb3 Bxb5 21. Bxb5 {1-0 (49) Abdusattorov,N (2661)-Aryan,C (2609) Sharjah 2022}) 15... Bd7 16. f4 exf4 17. Bxf4 Bxb5 18. Bxb5 Bg5 19. Qg4 Bxf4 20. Qxf4 f5 21. Rae1 Qf6 22. c3 Rad8 {[%emt 0:35:36] [#]} (22... Qd8 $11 {remains equal.}) 23. g4 $1 $16 {[%emt 0:06:01] White is more active.} g6 24. gxf5 gxf5 $2 {[%emt 0:03:28][%mdl 8192] [#] Loses the game.} (24... Qxf5 $16 {is tougher.} 25. Qxf5 Rxf5) 25. b4 $1 $18 axb4 26. cxb4 Nd7 27. Re6 Qf7 28. Rg1+ Kh8 29. Bxd7 {[%emt 0:00:05] Weighted Error Value: White=0.03 (flawless) /Black=0.86} 1-0

[Event "26th Womens ECCC 2022"]
[Site "Mayrhofen"]
[Date "2022.10.05"]
[Round "3.26"]
[White "Gaponenko, Inna"]
[Black "Belenkaya, Dina"]
[Result "1/2-1/2"]
[ECO "B12"]
[WhiteElo "2348"]
[BlackElo "2263"]
[Annotator "TA"]
[PlyCount "114"]
[EventDate "2022.10.03"]
[EventType "team-tourn"]
[EventCountry "AUT"]
[SourceTitle "playchess.com"]
[Source "ChessBase"]
[SourceQuality "1"]
[TimeControl "40/5400+30:1800+30"]

1. e4 c6 2. d4 d5 3. e5 Qb6 4. c3 Bf5 5. Nd2 e6 {[%emt 0:05:19] [#]} 6. g4 $146 {[%emt 0:34:08] B12: Caro-Kann: Advance Variation.} ({White should try} 6. Ngf3 $14) ({Predecessor:} 6. f4 c5 7. Ngf3 Nc6 8. Qa4 Bg4 9. h3 Bxf3 10. Nxf3 cxd4 11. Nxd4 Bc5 12. Bb5 {1-0 (66) Indzhiev,A-Bakuev,V (1840) Elista 2012}) 6... Bg6 $11 7. Nh3 c5 $1 8. Nb3 {[%emt 0:06:57] Black has an edge.} cxd4 9. cxd4 (9. Nxd4 $15 Bc5 10. Nb3) 9... Bb4+ 10. Bd2 Nc6 11. Bc3 {[%emt 0:06:33] [#]} a5 $1 12. a4 h5 $1 13. Bb5 {[%emt 0:13:31] [#]} (13. Nf4 $142) 13... hxg4 $1 $17 14. Qxg4 Nh6 15. Qd1 Be4 16. f3 Bh7 17. Bxb4 axb4 18. Qd2 Kf8 ({Better is} 18... O-O $17) 19. Rc1 (19. Bxc6 $5 Qxc6 20. Qxb4+ Kg8 21. Rc1 $11) 19... Nf5 20. Bxc6 bxc6 21. a5 Qb5 22. Nf4 Nh4 (22... Qa4 $5 23. Nc5 (23. Qc2 g5 $17) 23... Qxa5 $15) 23. Kf2 Bf5 24. Rc5 $2 (24. Qe3 $11 {and White is okay.}) 24... Qa4 $19 25. Qe3 {[%emt 0:00:03] And now Ra1 would win.} Qa2 26. Rxc6 Qxb2+ 27. Ne2 Nxf3 28. Qc1 $1 $36 {[%emt 0:00:55][%mdl 2048] White has some pressure. The board is on fire. The position is equal.} Qxc1 (28... Rxh2+ $2 29. Rxh2 Qxc1 30. Rh8+ Ke7 31. Nexc1 $18) (28... Qxb3 $5 29. Rc8+ $8 Rxc8 30. Qxc8+ Ke7 31. Qc7+ Ke8 $11) 29. Rhxc1 {[%emt 0:00:49] aiming for Rc8+.} Rxh2+ (29... Rh3 $2 30. Rc8+ (30. Nf4 Rxh2+ 31. Kxf3 g5 $14) 30... Rxc8 31. Rxc8+ Ke7 32. a6 $18) 30. Kxf3 Be4+ 31. Kg4 Rxe2 32. Rc8+ Rxc8 33. Rxc8+ {[%emt 0:00:02][%mdl 4096] Endgame KRB-KRN} Ke7 34. Rc7+ Kd8 $1 35. Rxf7 Rg2+ 36. Kh3 Ra2 {[%emt 0:01:04] ...Ra3 is the strong threat.} 37. Nc5 b3 38. Nb7+ Kc8 39. Nd6+ Kd8 {[%emt 0:02:21] Strongly threatening ...b2.} 40. Nb7+ Kc8 41. Nd6+ Kb8 42. Rb7+ Ka8 43. Rxb3 Rxa5 44. Kg3 Ra4 45. Nxe4 dxe4 {[%emt 0:00:13] KR-KR} 46. Kf4 Rxd4 47. Rb6 g5+ 48. Ke3 ({Don't go for} 48. Kxg5 $2 e3 49. Rb2 Re4 $19) 48... Ra4 49. Rxe6 {[%emt 0:00:00] Threatens to win with Rb6.} Kb7 {[%emt 0:01:37] Prevents Rb6+.} 50. Rg6 Kc7 51. Rxg5 Kd7 52. Rg6 Ke7 53. Rb6 Ra1 54. Kxe4 Re1+ 55. Kd5 Rd1+ 56. Ke4 Re1+ 57. Kd5 Rd1+ {[%emt 0:00:04] Weighted Error Value: White=0.16 (very precise) /Black=0.13 (very precise)} 1/2-1/2

[Event "26th Womens ECCC 2022"]
[Site "Mayrhofen"]
[Date "2022.10.05"]
[Round "3.27"]
[White "Levitan, Ronit"]
[Black "Doluhanova, Evgeniya"]
[Result "0-1"]
[ECO "C54"]
[WhiteElo "2024"]
[BlackElo "2264"]
[Annotator "TA"]
[PlyCount "70"]
[EventDate "2022.10.03"]
[EventType "team-tourn"]
[EventCountry "AUT"]
[SourceTitle "playchess.com"]
[Source "ChessBase"]
[SourceQuality "1"]
[TimeControl "40/5400+30:1800+30"]

1. e4 e5 2. Nf3 Nc6 3. Bc4 Bc5 4. c3 Nf6 5. d3 O-O 6. O-O a6 7. Nbd2 d6 8. Bb3 Ba7 9. h3 Ne7 10. Re1 Ng6 11. Nf1 Be6 12. Bxe6 {[%emt 0:02:42] C54: Giuoco Piano: 4 c3 Nf6, main lines with 5 d4 and 5 d3.} fxe6 {[%emt 0:00:10] [#]} 13. Ng3 $146 ({Predecessor:} 13. d4 exd4 14. cxd4 Kh8 15. Ng3 e5 16. dxe5 Nxe5 17. Nxe5 dxe5 18. Be3 Bxe3 19. Rxe3 Qxd1+ 20. Rxd1 {1-0 (55) Fleri,M (1739)-Dharmasena,K (1548) Torquay 2019}) 13... Nf4 (13... Nd7 $11) 14. d4 {[%emt 0:08:14] White is slightly better.} (14. Bxf4 $5 exf4 15. Nf1 $14) 14... Nd7 15. Be3 (15. Bxf4 $14 exf4 16. Nf1) 15... exd4 16. Bxd4 ({Better is} 16. cxd4 $11 Bb6 17. Qd2) 16... Nc5 17. Bxc5 Bxc5 18. Nd4 (18. Rf1 $17) 18... Qf6 (18... e5 $19 19. Ndf5 Qg5) 19. Qd2 ({White should try} 19. Nge2 $15) 19... Qg5 $19 {[%emt 0:11:22][%cal Of4h3] aiming for ...Nxh3+!} 20. Kh2 {[%emt 0:19:57] [#]} Nxh3 $1 21. Qxg5 Nxg5 22. Kg1 (22. f3 $142) 22... e5 23. Ndf5 g6 24. Ne3 h5 25. f3 h4 26. Ngf1 h3 {[%emt 0:01:10] ...hxg2 is the strong threat.} 27. Nd2 Rf7 28. Re2 Raf8 29. Rf1 hxg2 30. Kxg2 Ne6 31. Kg3 Nf4 32. Ree1 (32. Rfe1 {keeps fighting.}) 32... Rh7 {[%emt 0:00:59] White must now prevent ...Rh3+.} 33. b4 Rh3+ 34. Kg4 Bxe3 35. Rxe3 Rh2 {[%emt 0:00:04] Weighted Error Value: White=0.83/Black=0.10 (very precise)} 0-1

[Event "26th Womens ECCC 2022"]
[Site "Mayrhofen"]
[Date "2022.10.06"]
[Round "3.28"]
[White "Tarleva, Diana"]
[Black "Orian, Noga"]
[Result "1/2-1/2"]
[ECO "B90"]
[WhiteElo "2175"]
[BlackElo "1940"]
[Annotator "TA"]
[PlyCount "182"]
[EventDate "2022.10.03"]
[EventType "team-tourn"]
[EventCountry "AUT"]
[SourceTitle "playchess.com"]
[Source "ChessBase"]
[SourceQuality "1"]
[TimeControl "40/5400+30:1800+30"]

1. e4 c5 2. Nf3 d6 3. d4 cxd4 4. Nxd4 Nf6 5. Nc3 a6 6. h3 e6 7. g4 Nfd7 {[%emt 0:00:05] B81: Sicilian Scheveningen: Keres Attack.} 8. Bg2 Be7 9. Be3 Nc6 {[%emt 0:00:15] White has an edge.} 10. Qe2 Nxd4 11. Bxd4 O-O 12. a4 Ne5 13. O-O Nc6 14. Be3 Bd7 15. f4 Rc8 16. Qf2 Bh4 17. Qd2 Na5 {[%emt 0:03:40] [#]} 18. Qxd6 $146 (18. b3 $1 $11 {remains equal.}) ({Predecessor:} 18. b3 Qc7 19. Na2 Rfd8 20. Rac1 h6 21. Nb4 Nc6 22. c4 Be8 23. Nxc6 bxc6 24. b4 {1-0 (48) Jensen,C (2126)-Varberg,K (2208) ICCF email 2009}) 18... Nc4 $36 {[%emt 0:01:07][%csl LRb2,LRd6,LRe3][%mdl 2048] Black is on the roll.} 19. Qd4 Be7 20. Bf2 {[%emt 0:03:39] [#]} Nxb2 (20... Bc5 $1 $17 21. Qd1 Nxb2) 21. Nd1 Nc4 22. e5 {[%emt 0:10:28] [#]} Bc6 23. Re1 (23. Qxd8 $17 Rfxd8 24. Ne3) (23. Bxc6 Rxc6) 23... Bxg2 24. Kxg2 Qc7 25. Re2 (25. Ne3 $17 {was necessary.}) 25... Qc6+ $2 (25... Rfd8 $19 26. Qc3 h6) 26. Qe4 $15 Rfd8 27. Qxc6 Rxc6 28. Ne3 Na3 29. Ra2 (29. Bh4 $15 Bxh4 30. Rxa3) 29... Kf8 30. Rb2 Rd7 31. Kf3 Ke8 32. Be1 Bc5 {[%emt 0:05:31] ...Bxe3 is the strong threat.} 33. Rb3 Kd8 ({Better is} 33... Bxe3 $15 34. Rxa3 Bc1) 34. Bb4 (34. Rd2 $11 {keeps the balance.}) 34... Bxe3 (34... Bxb4 $17 35. Rxb4 a5) 35. Bxa3 Bc5 36. Bb2 Kc7 37. Rd3 Bb4 38. Re4 (38. f5 $15) 38... Ba5 $1 $17 39. Rxd7+ Kxd7 {[%emt 0:00:01][%mdl 4096] Endgame KRB-KRB} 40. c4 Rb6 41. Ba3 Rb1 ({Much weaker is} 41... Rb3+ $6 42. Re3 Rb1 43. Rd3+ Kc6 44. Ke3 $15) 42. Re3 Bb4 43. Ke4 (43. Rd3+ $17 {keeps fighting.} Kc7 44. Ke4) 43... Kc6 $19 44. f5 Kc5 (44... a5 $17 {Strongly threatening ...Kc5.} 45. Rf3 Re1+ 46. Kd4 Rd1+ 47. Ke4 Kc5 48. fxe6 fxe6 49. Bxb4+ axb4) 45. fxe6 $2 (45. Bxb4+ $1 $15 Rxb4 46. Rd3) 45... fxe6 46. Bxb4+ Rxb4 $15 {[%emt 0:00:06] KR-KR} 47. Rf3 Rxc4+ 48. Kd3 Rd4+ 49. Kc3 (49. Kc2 {was worth a try.}) 49... Rd7 50. Rf4 b5 {[%emt 0:00:29] Prevents Rc4+.} 51. axb5 axb5 52. h4 $2 (52. Rf1) 52... b4+ $19 53. Kc2 Kd5 54. Rxb4 Kxe5 {[%emt 0:00:07] White must now prevent ...Rd4.} 55. Kc3 g6 56. Ra4 {[%emt 0:00:00] [#]} h6 $1 57. Rb4 Rd1 {[%emt 0:01:19] Threatens to win with ...Rh1.} 58. Rb8 Rh1 59. h5 $2 (59. Rg8) 59... gxh5 60. gxh5 Kf5 $2 (60... Ke4 61. Rb6 Kf5) 61. Rf8+ {[%emt 0:00:00] [#]} Ke5 $2 (61... Kg5 $1 $19 62. Kd3 Rxh5) 62. Kd3 $2 (62. Rb8 $11) 62... Rxh5 63. Rf3 {[%emt 0:00:00] Against Rh3} Rh2 64. Ke3 h5 65. Rg3 Rh4 66. Rg5+ Kf6 67. Ra5 e5 68. Ra8 Rg4 69. Rf8+ Ke6 70. Re8+ Kd6 71. Rd8+ Ke7 72. Rh8 h4 {[%emt 0:00:11] aiming for ...Kf7.} 73. Rh6 Kf7 74. Kf3 Rb4 75. Kg2 Kg7 76. Re6 Rb5 $2 (76... Rg4+ $19 77. Kh3 Re4) 77. Kh3 $11 Kf7 78. Rh6 Rb4 79. Ra6 $2 (79. Kg2 $11 Rf4 80. Kh3) 79... Rf4 $19 {[%emt 0:00:22] Hoping for ...e4.} 80. Rh6 Ke7 81. Ra6 e4 82. Kg2 e3 $2 ({Black should try} 82... Kf7 $19 83. Rb6 Rf6) 83. Ra2 $11 {[%emt 0:01:16] The position is equal.} Ke6 {[%emt 0:00:42] ( -> ...Kf5)} 84. Re2 $1 Rg4+ 85. Kf3 Rg3+ 86. Kf4 Kf6 87. Rxe3 Rxe3 88. Kxe3 Kg5 89. Kf3 Kf5 90. Kg2 Kg4 91. Kh2 h3 {[%emt 0:00:06] Weighted Error Value: White=0.41/Black=0.33} 1/2-1/2

[Event "26th Womens ECCC 2022"]
[Site "Mayrhofen"]
[Date "2022.10.05"]
[Round "3.29"]
[White "Katkov, Michelle"]
[Black "Peglau, Charis"]
[Result "1-0"]
[ECO "B10"]
[WhiteElo "2219"]
[BlackElo "1960"]
[Annotator "TA"]
[PlyCount "81"]
[EventDate "2022.10.03"]
[EventType "team-tourn"]
[EventCountry "AUT"]
[SourceTitle "playchess.com"]
[Source "ChessBase"]
[SourceQuality "1"]
[TimeControl "40/5400+30:1800+30"]

1. e4 c6 2. Nf3 d5 3. d3 Bg4 4. h3 Bxf3 5. Qxf3 e6 6. g3 {[%emt 0:00:17] B10: Caro-Kann: 2 d3 and 2 c4.} Bd6 7. Bg2 Nd7 8. O-O {[%emt 0:07:54][%cal Re4d5] White is slightly better.} Ne7 9. Qe2 Qc7 10. Nd2 {[%emt 0:01:56] [#]} O-O-O $146 (10... O-O $11) ({Predecessor:} 10... h5 11. d4 Qb6 12. c4 Qxd4 13. exd5 cxd5 14. cxd5 exd5 15. Nb3 Qe5 16. Qb5 O-O-O {1-0 (25) Jaracz,P (2340)-Pedersen,D (2225) Aarhus 1993}) 11. d4 $16 e5 12. c4 dxc4 13. dxe5 Nxe5 14. Nxc4 Nxc4 15. Qxc4 f5 16. Be3 Kb8 {[%emt 0:07:14] [#]} 17. Qa4 $1 {[%emt 0:10:54] White is more active.} c5 (17... a6 $16) 18. b4 fxe4 $2 {[%emt 0:03:01][%mdl 8192] Loses the game.} (18... f4 $16 19. gxf4 Bxf4) 19. bxc5 $18 Be5 20. Qxe4 Nd5 (20... Ka8 $142 21. Rab1 Nc6) 21. Rab1 {[%emt 0:02:13] Hoping for Rfd1.} Rhe8 22. Bg5 {[%emt 0:06:25] A strong pair of Bishops.} Rd7 (22... Bf6 $142 23. Bf4 Rxe4 24. Bxc7+ Kxc7) 23. Qc4 Qc6 24. Rfd1 Qg6 25. Bxd5 {[%emt 0:01:27] Qb5 would kill now.} Qxg5 {[%emt 0:00:24] [#]} 26. Qb3 (26. Bxb7 $142 $1 Rxd1+ 27. Rxd1) 26... Red8 27. c6 (27. Kg2 $142 Bxg3 28. fxg3) 27... Rc7 28. Bg2 Bd4 29. Qf3 ({Resist} 29. cxb7 Rc3 30. Qf7 Rxg3 $18) 29... b6 30. a4 Qe7 31. Qf4 g5 32. Qd2 Qe5 33. Kh1 Qe7 34. a5 {[%emt 0:00:26] Black must now prevent axb6.} Kc8 35. axb6 (35. Qa2 $142 {Intending axb6 and mate.} b5 36. Rxb5) 35... Bxb6 36. Qc2 {[%emt 0:01:35] Threatens to win with Qf5+.} Rf8 {[%emt 0:00:39] Against Qf5+} (36... Rxd1+ $142 37. Rxd1 Kb8) 37. Rf1 (37. Qa4 $142 Qc5 38. Qa6+ Kb8 39. Rb5 Qxf2 40. Rdb1) 37... h6 38. Qa2 Qc5 39. Qe6+ Kb8 40. Qxh6 Qc2 (40... Qf5 $18 41. Qd6 Rfc8) 41. Qxf8+ {Weighted Error Value: White=0.98/Black=0.82} 1-0

[Event "26th Womens ECCC 2022"]
[Site "Mayrhofen"]
[Date "2022.10.05"]
[Round "3.30"]
[White "Peglau, Dora"]
[Black "Federovski, Adi"]
[Result "1-0"]
[ECO "A48"]
[WhiteElo "1745"]
[BlackElo "1967"]
[Annotator "TA"]
[PlyCount "75"]
[EventDate "2022.10.03"]
[EventType "team-tourn"]
[EventCountry "AUT"]
[SourceTitle "playchess.com"]
[Source "ChessBase"]
[SourceQuality "1"]
[TimeControl "40/5400+30:1800+30"]

1. d4 Nf6 2. Nf3 g6 3. Nbd2 d5 4. b4 Bg7 5. Bb2 a5 6. b5 {[%emt 0:00:10] D02: 1 d4 d5 2 Nf3 sidelines, including 2...Nf6 3 g3 and 2...Nf6 3 Bf4.} a4 7. a3 O-O 8. e3 {[%emt 0:00:18] The position is equal.} c6 9. c4 {[%emt 0:07:38] [#]} dxc4 $146 ({Predecessor:} 9... Nbd7 10. Be2 c5 11. O-O b6 12. cxd5 Nxd5 13. Nc4 Bb7 14. Rc1 Rc8 15. Qd2 cxd4 16. Bxd4 Nc5 17. Bxg7 Nb3 18. Rfe1 Nxd2 {0-1 (18) Xiong,J (2709)-Naroditsky,D (2621) Chess.com INT 2020}) 10. Bxc4 cxb5 11. Bxb5 (11. Bd3 $11 {and White stays safe.}) 11... Qb6 $1 $19 12. Qe2 Ra5 $36 {[%emt 0:14:53][%mdl 2048] White is under strong pressure.} 13. Nc4 (13. Bd3 $17 Qxb2 14. O-O) 13... Qxb5 14. Nxa5 Qxa5+ 15. Qd2 Qd5 {[%emt 0:01:42] And now ...Ne4 would win.} 16. O-O Nc6 17. Rac1 Ne4 18. Qe1 Na5 19. Qb4 Bd7 {[%emt 0:09:41] aiming for ...Nb3.} 20. Ne5 Bxe5 (20... Nb3 $142 21. Rc7 Bxe5 22. dxe5 Nbd2) 21. dxe5 Bc6 (21... Qb3 22. e6 Bxe6 23. Qxe4 Qxb2 24. Qxa4 Qb6) (21... Nc6 $19 22. Qxa4 Nxe5) 22. f3 $17 Nd2 (22... Ng5 23. Qxe7 (23. Rc5 Qb3) 23... Ne6) ({Black should try} 22... Ng5 $1 $17 {...Qb5 is the strong threat.} 23. Bc3 (23. Rc5 $2 Qb3 $19) 23... Nc4) 23. e4 $11 Qd3 24. Qxa5 Nxf1 25. Rxf1 Rd8 26. Qc3 Qb5 27. Qc2 (27. e6 Qb6+ 28. Kh1 f6 $15) 27... Rd3 (27... Qb3 $5 28. Qc1 Bb5 $11) 28. Rf2 Bd7 29. Rd2 Qb6+ 30. Kh1 Re3 31. Qd1 {[%emt 0:03:17] Against Re1+} Qc6 32. h4 ({But not} 32. Rxd7 $2 Qxd7 $3 33. Bd4 Rxa3 $19) (32. h3 $5 Rb3 33. e6 (33. Rxd7 Rxb2 34. Rxe7 Qc5 $11) 33... Qxe6 34. Bc1 $11 (34. Rxd7 Rxb2 35. Qxa4 Qe5 $11)) 32... Be6 (32... Rb3 $1 $11) 33. Kh2 $2 (33. Rd8+ Kg7 34. Ra8) ({White should play} 33. Rd8+ $18 Kg7 34. Ra8) 33... h5 $2 (33... Kg7 $11 {and Black is okay.}) 34. Rd8+ $18 Kg7 35. Ra8 Qb6 {[%emt 0:01:04] [#]} 36. Qxa4 $4 Qc6 $4 (36... Qxb2 $19 37. Qe8 Qxe5+ 38. Kg1 Qa1+ 39. Kh2 Kh7 40. Qg8+ Kh6 41. Qf8+ Qg7 42. Qxe7 Qe5+ 43. Kg1 Re1+ 44. Kf2 {[#]} Rf1+ $3 45. Ke3 Kh7) 37. Qd4 {[%emt 0:00:35] White wants to mate with Qd8.} Re2 {[%emt 0:00:50] [#]} 38. Qd8 $1 {[%emt 0:00:41] What a bad dream for Black.  Weighted Error Value: White=0.53/Black=0.40} 1-0

[Event "26th Womens ECCC 2022"]
[Site "Mayrhofen"]
[Date "2022.10.05"]
[Round "3.31"]
[White "Reprun, Nadejda"]
[Black "Peglau, Mirjam"]
[Result "1/2-1/2"]
[ECO "B27"]
[WhiteElo "1968"]
[BlackElo "1886"]
[Annotator "TA"]
[PlyCount "61"]
[EventDate "2022.10.03"]
[EventType "team-tourn"]
[EventCountry "AUT"]
[SourceTitle "playchess.com"]
[Source "ChessBase"]
[SourceQuality "1"]
[TimeControl "40/5400+30:1800+30"]

1. e4 c5 2. Nf3 b6 3. Bc4 Bb7 4. Nc3 e6 5. O-O Nf6 6. Re1 {[%emt 0:05:08] B27: Sicilian: 2 Nf3, unusual Black 2nd moves.} Be7 7. d4 {[%emt 0:03:32] White is more active.} (7. e5 $5 ) 7... cxd4 8. Nxd4 {[%emt 0:01:07] e5 is the strong threat. White is slightly better.} O-O {[%emt 0:00:18][%cal Of6e4] [#]} 9. Bg5 $146 {[%emt 0:12:07] [#]} (9. e5 $14 {keeps the upper hand.}) ({Predecessor:} 9. Bf4 Na6 10. Ndb5 d5 11. exd5 Nxd5 12. Nxd5 exd5 13. Bf1 Nc5 14. Qg4 Re8 15. Nc7 {1-0 (27) Diaz Begonte,M (1774)-Munoz Gonzalez,M (1560) Tres Cantos 2011}) 9... Nxe4 $1 $17 10. Bxe7 (10. Nxe4 Bxg5) 10... Nxc3 11. Bxd8 Nxd1 12. Be7 Rc8 (12... Nxb2 $17 13. Bxf8 Nxc4) 13. Bxe6 $11 {[%emt 0:02:35] The position is equal.} dxe6 14. Raxd1 Nc6 15. Nxc6 Bxc6 16. c4 {[%emt 0:02:08] Against Bd5} Be8 17. Rd4 Rc7 18. Ba3 a5 19. Red1 h6 20. Rd8 Rac8 21. b3 Kh7 22. h3 b5 23. Rxc8 Rxc8 24. cxb5 Bxb5 25. Rc1 Rxc1+ 26. Bxc1 {[%emt 0:01:43] KB-KB} Kg6 27. Bb2 f6 28. Bc3 a4 29. bxa4 Bxa4 30. f3 Kf5 31. h4 {[%emt 0:03:21] Weighted Error Value: White=0.14 (very precise) /Black=0.08 (flawless)} 1/2-1/2

[Event "26th Womens ECCC 2022"]
[Site "Mayrhofen"]
[Date "2022.10.05"]
[Round "3.32"]
[White "Peglau, Sarah"]
[Black "Vardi, Shlomit"]
[Result "0-1"]
[ECO "A41"]
[WhiteElo "1794"]
[BlackElo "1769"]
[Annotator "NA RC COMBH"]
[PlyCount "78"]
[EventDate "2022.10.03"]
[EventType "team-tourn"]
[EventCountry "AUT"]
[SourceTitle "playchess.com"]
[Source "ChessBase"]
[SourceQuality "1"]
[TimeControl "40/5400+30:1800+30"]

1. d4 d6 2. e4 g6 3. f4 Bg7 4. Nf3 Nf6 5. Bd3 O-O 6. O-O c5 7. c3 Bg4 8. Nbd2 cxd4 9. cxd4 e5 10. h3 Bxf3 11. Nxf3 exd4 12. Nxd4 Qb6 13. Be3 Qxb2 14. Qa4 Nbd7 15. Rab1 Qc3 16. Rb3 Nc5 17. Rxc3 Nxa4 18. Ra3 Nc5 19. Nb5 Nxd3 20. Rxd3 Nxe4 21. Nxd6 Nxd6 22. Rxd6 Rfe8 23. Bf2 b5 24. Ra6 Re4 25. g3 Re6 26. Ra3 a6 27. Rd1 Rc8 28. Rad3 Bf6 29. R3d2 Kg7 30. g4 g5 31. fxg5 Bxg5 32. Rd7 Rc4 33. Ra7 Be3 34. Rdd7 Rc1+ 35. Kg2 Bxa7 36. Rxa7 Rc2 37. Kg3 Rd6 38. h4 Rd3+ 39. Kg2 Rdd2 0-1

[Event "26th Womens ECCC 2022"]
[Site "Mayrhofen"]
[Date "2022.10.06"]
[Round "4.1"]
[White "Bulmaga, Irina"]
[Black "Danielian, Elina"]
[Result "1-0"]
[ECO "C17"]
[WhiteElo "2417"]
[BlackElo "2431"]
[Annotator "TA"]
[PlyCount "185"]
[EventDate "2022.10.03"]
[EventType "team-tourn"]
[EventCountry "AUT"]
[SourceTitle "playchess.com"]
[Source "ChessBase"]
[SourceQuality "1"]
[TimeControl "40/5400+30:1800+30"]

1. e4 e6 2. d4 d5 3. Nc3 Bb4 4. e5 c5 5. a3 Ba5 6. b4 cxd4 7. Nb5 Bc7 8. f4 Bd7 9. Nxc7+ Qxc7 10. Bb2 {[%emt 0:00:53] C18: French: 3 Nc3 Bb4: Main line: 7 h4 and 7 Qg4.} Ne7 11. Bd3 Ba4 12. Bxd4 {[%emt 0:06:11] [#] White is slightly better.} Nf5 $146 ({Predecessor:} 12... Nd7 13. Ne2 Nc6 14. Bb2 Nb6 15. O-O g6 16. Qe1 a6 17. Nc3 Ne7 18. b5 O-O 19. bxa6 bxa6 {½-½ (41) Saric,I (2681)-Mchedlishvili,M (2571) Konya 2019}) 13. Bxf5 exf5 14. Qd2 ({Better is} 14. Ne2 $14) 14... O-O 15. c3 Nc6 16. Nf3 Rfc8 17. Rc1 Bb5 18. Kf2 (18. Be3 $5 ) 18... a5 19. Ra1 Bc4 20. Qe3 Qd7 21. h3 Ra6 22. Rhe1 Rca8 23. Bc5 axb4 24. cxb4 Nd8 25. g4 fxg4 26. hxg4 Qxg4 27. Rg1 {[%emt 0:01:28] [#]} Qf5 (27... Qd7 $1 $17 28. Nd4 Ne6) 28. Nd4 $1 $11 {[%emt 0:00:35] The board is on fire.} Qd3 (28... Qh5 $2 29. Rh1 (29. Qg3 $2 Rg6 $19) 29... Qxh1 30. Rxh1 $18) 29. Qxd3 Bxd3 30. Ke3 $36 {[%emt 0:02:41][%mdl 2048] Strongly threatening b5. White is more active.} Be4 ({Don't play} 30... Rxa3 31. Rxa3 Rxa3 32. b5 $16) 31. b5 Rh6 32. f5 {[%emt 0:00:57] Prevents Ne6.} Rh3+ 33. Kf4 h6 (33... g6 $11) 34. e6 $16 {[%emt 0:01:52] [#] e7 is the strong threat.} fxe6 (34... f6 $14) 35. fxe6 b6 36. Bxb6 {[%emt 0:01:23] Black must now prevent Ke5.} Nb7 37. Kg4 {[%emt 0:00:43] Inhibits Rh5.} Rd3 38. Rgd1 Rdxa3 $2 {[%emt 0:00:36][%mdl 8192] Loses the game.} (38... Nd6 $14) 39. Rxa3 $18 Rxa3 40. Rc1 {[%emt 0:00:48] Prevents Rc3.} Kh7 $2 (40... Ra8 41. Rc7 Nd6) 41. Rc7 Nd6 42. Bc5 h5+ 43. Kf4 Nxb5 44. Nxb5 Rf3+ 45. Ke5 h4 46. Rf7 {[%emt 0:02:15] Intending Nd6 and mate.} h3 47. Rxf3 Bxf3 48. Bg1 {[%emt 0:00:13] Threatening mate with e7.} Kg8 49. Nc7 {[%emt 0:01:24] White wants to mate with e7.} Kf8 50. Kd6 Bh5 51. e7+ Kg8 52. Kxd5 g5 53. Ke5 g4 54. Bh2 Kg7 55. Kf5 Bg6+ 56. Kg5 Be8 57. Nxe8+ Kf7 58. Nf6 Kxe7 59. Nxg4 Ke6 60. Kf4 Kd5 61. Nf2 Kd4 62. Kf3 Kd5 63. Ke3 Kc5 64. Kd3 Kd5 65. Nxh3 Kc5 66. Nf4 Kd6 67. Kd4 Kc6 68. Nd3 Kb5 69. Bd6 Kc6 70. Bc5 Kc7 71. Kd5 Kb7 72. Kd6 Kc8 73. Kc6 Kb8 74. Nf4 Ka8 75. Nd5 Kb8 76. Nc7 Kc8 77. Ba7 Kd8 78. Nd5 {[%emt 0:00:07] White mates.} Ke8 79. Kd6 Kf7 80. Ne7 Kf6 81. Be3 Kf7 82. Bg5 Ke8 83. Ke6 Kd8 84. Bf4 Ke8 85. Bc7 Kf8 86. Nf5 Ke8 87. Ng7+ Kf8 88. Kf6 Kg8 89. Kg6 Kf8 90. Bd6+ Kg8 91. Bc5 Kh8 92. Nf5 Kg8 93. Nh6+ {[%emt 0:00:05] Weighted Error Value: White=0.07 (flawless) /Black=0.46} 1-0